 Dungeon Crawl Stone Soup version 0.29-a0-789-g7a8fcbc185 (webtiles) character file.

Game seed: 7935958024556211278

54 greasedhog the Distorting Ant (level 4, 0/35 HPs)
             Began as a Formicid Abyssal Knight on July 2, 2022.
             Was a Believer of Lugonu.
             Slain by Crazy Yiuf
             ... wielding a +3 quarterstaff of chaos
              (11 damage)
             ... on level 2 of the Dungeon.
             The game lasted 00:02:42 (1908 turns).

greasedhog the Distorting Ant (FoAK)                Turns: 1908, Time: 00:02:43

Health: 0/35       AC: 10    Str: 26    XL:     4   Next: 12%
Magic:  0/6        EV:  7    Int:  9    God:    Lugonu [**....]
Gold:   81         SH:  5    Dex: 14    Spells: 3/3 levels left

rFire   . . .      SeeInvis +   a - +1 spear
rCold   . . .      Faith    .   (no shield)
rNeg    . . .      Spirit   .   l - +0 plate armour
rPois   .          Reflect  +   (helmet unavailable)
rElec   .          Harm     .   (no cloak)
rCorr   .          Rampage  .   (no gloves)
Will    .....                   (no boots)
Stlth   ..........              k - amulet of reflection
HPRegen 0.11/turn               p - +6 ring of strength
MPRegen 0.10/turn               (no ring)

@: brilliant, attractive
A: permanent stasis, dig shafts and tunnels, antennae 3, four strong arms,
subdued magic 1, MP-powered wands
a: Dig, Shaft Self, Renounce Religion, Depart the Abyss, Bend Space


You were on level 2 of the Dungeon.
You worshipped Lugonu.
Lugonu was pleased with you.
You visited 1 branch of the dungeon, and saw 2 of its levels.
You visited the Abyss 1 time.

You collected 121 gold pieces.
You spent 40 gold pieces at shops.

Inventory:

Hand Weapons
 a - a +1 spear (weapon)
Armour
 l - a +0 plate armour (worn)
Jewellery
 k - an amulet of reflection (around neck)
 p - a +6 ring of strength (left hand)
Scrolls
 b - a scroll of amnesia
 d - a scroll of vulnerability
 j - a scroll of immolation
 n - a scroll of torment {unknown}
Potions
 c - a potion of curing
 m - a potion of brilliance


   Skills:
 - Level 3.2 Fighting
 * Level 3.2 Polearms
 - Level 2.1 Armour
 - Level 0.8 Dodging
 * Level 3.7 Invocations


You had 3 spell levels left.
You didn't know any spells.
Your spell library contained the following spells:

 Spells                   Type           Power      Damage    Failure   Level
 Gell's Gravitas          Tloc           0%         N/A       100%        3
 Teleport Other           Tloc           0%         N/A       100%        3
 Dispersal                Tloc           0%         N/A       100%        6


Dungeon Overview and Level Annotations

Branches:
Dungeon (2/15)

Altars:

Shops:
D:1 ?(

Annotations:
D:2 Crazy Yiuf


Innate Abilities, Weirdness & Mutations

You cannot be hasted, slowed, berserked, paralysed or teleported.
You can dig through walls and to a lower floor.
You have a pair of large antennae on your head. (SInv)
Your four strong arms can wield two-handed weapons with a shield.
Your spells are a little easier to cast, but a little less powerful.
You expend magic power (3 MP) to strengthen your wands.


Message History

As you read the scroll of identify, it crumbles to dust.
j - a scroll of immolation You drop a scroll of blinking.
You feel stronger.
p - a +6 ring of strength (left hand)
There is an open door here.
There is an open door here.
Key pressed, stopping explore.
There is an open door here.
Crazy Yiuf shouts!
It was a potion of brilliance.
You feel clever all of a sudden.
It was a potion of mutation.
You feel extremely strange.
Your connection to magic feels subdued.
You feel your magical essence link to the dungeon's wands.
It was a potion of attraction.
You feel attractive to monsters.
It was a potion of haste.
Your stasis prevents you from being hasted.
It was a potion of heal wounds.
You feel much better.
You open the door. You hit Crazy Yiuf.
Crazy Yiuf is moderately wounded.
Crazy Yiuf hits you with a +3 quarterstaff of chaos!
You feel your power leaking away.
You barely miss Crazy Yiuf.
Crazy Yiuf is moderately wounded.
Crazy Yiuf hits you with a +3 quarterstaff of chaos.
Crazy Yiuf burns you.
You hit Crazy Yiuf.
Crazy Yiuf is moderately wounded.
Crazy Yiuf hits you with a +3 quarterstaff of chaos!
Crazy Yiuf burns you.
You hit Crazy Yiuf. You punch Crazy Yiuf, but do no damage.
Crazy Yiuf is heavily wounded.
You block Crazy Yiuf's attack.
You barely miss Crazy Yiuf.
Crazy Yiuf is heavily wounded.
Crazy Yiuf hits you with a +3 quarterstaff of chaos!
You die...

#.# #....> #.# #.....
#.# #..... ### #.....
###... #### ### ######
#### #)..###
##.#..####...
#...g@####........'...
#...##..#........##...
### ###.#..#.##.#....
#########.#....
#.#.>.. ############
#.##... #........<.#
#.##... ###........#
#.##### #....(...# #.#


You could see Crazy Yiuf.

Vanquished Creatures
  3 adders (D:2)
  4 endoplasms
  2 giant cockroaches
  2 hobgoblins
  A quokka (D:1)
  3 ball pythons
  2 frilled lizards (D:1)
  4 goblins
  3 kobolds
  A rat (D:1)
25 creatures vanquished.

Notes
Turn   | Place    | Note
-------+----------+-------------------------------------------
     0 | Abyss:1  | greasedhog the Formicid Abyssal Knight began the quest for
                  | the Orb.
     0 | Abyss:1  | Reached XP level 1. HP: 18/18 MP: 2/2
    88 | Abyss:2  | Noticed a small abomination
    88 | Abyss:2  | Noticed a rakshasa
    90 | D:1      | Escaped the Abyss
   203 | D:1      | Found Tijuw's Antique Weapon Shop.
   395 | D:1      | Found Johecem's Magic Scroll Shop.
   399 | D:1      | Reached ** piety under Lugonu
   400 | D:1      | Reached XP level 2. HP: 24/24 MP: 3/3
   418 | D:1      | Bought 2 scrolls of identify for 40 gold pieces
   906 | D:2      | Reached XP level 3. HP: 29/29 MP: 5/5
  1309 | D:2      | Reached XP level 4. HP: 32/35 MP: 6/6
  1638 | D:2      | Found a runed translucent door.
  1639 | D:2      | Noticed Crazy Yiuf
  1899 | D:2      | Gained mutation: Your spells are a little easier to cast,
                  | but a little less powerful. [potion of mutation]
  1899 | D:2      | Gained mutation: You expend magic power (3 MP) to
                  | strengthen your wands. [potion of mutation]
  1908 | D:2      | Slain by Crazy Yiuf

Illustrated notes

Levels and vault maps discovered:
D:1:      nzn_arrival_settlement, layout_loops_ring, serial_shops, shop, shop,
          chequers_serial_rivers_micro_a, minmay_box_of_dots
D:2:      layout_basic, uniq_crazy_yiuf_cottage

Skill      XL: |  1  2  3 |
---------------+----------+-----
Invocations    | 3 |  3.7
Polearms       | 3 |  3.2
Fighting       | |  3.2
Armour         | |  2.1
Dodging        | |  0.8

Action                   |  1- 3 |  4- 6 || total
-------------------------+-------+-------++-------
Melee: Spear             |    63 |     9 ||    72
       Punch             |       |     1 ||     1
Invok: Depart the Abyss  |     1 |       ||     1
  Use: Scroll            |     4 |     2 ||     6
       Potion            |       |     5 ||     5
Armor: Leather armour    |     3 |       ||     3
       Plate armour      |    21 |       ||    21
Dodge: Dodged            |    10 |       ||    10
Block: Other             |     5 |     1 ||     6

Table legend: (Time is in decaauts)
 A = Elapsed time spent in this place.
 B = Non-inter-level travel time spent in this place.
 C = Inter-level travel time spent in this place.
 D = Time resting spent in this place.
 E = Time spent auto-exploring this place.
 F = Levels seen in this place.
 G = Mean time per level.
                   A        B        C        D        E       F      G
               +--------+--------+--------+--------+--------+-----+--------+
         Total |   1904 |   1886 |     18 |      0 |   1610 |   4 |  476.0 |
       Dungeon |   1814 |   1796 |     18 |      0 |   1563 |   2 |  907.0 |
         Abyss |     89 |     89 |      0 |      0 |     47 |   2 |   44.5 |
               +--------+--------+--------+--------+--------+-----+--------+

Top non-repeatable levels by time:
     D:2: 1004 daAuts
     D:1: 810 daAuts
 Abyss:1: 58 daAuts
 Abyss:2: 31 daAuts
